Map: Terraços Prion

Players

Darkness

  • Race: Protoss Protoss
  • League: Grandmaster

Cham - Winner!

  • Race: Zerg Zerg
  • League: Grandmaster

Event: Copa America 2016 Season 1

VOD

Have the link to the VOD?

Description

Time

  • Played on: Feb. 16, 2016, 7:08 p.m.
  • Length: 6:26

All games in this series

Show
View Real Time Build Order
Export as new Build Order

Darkness Protoss 

Build Orders: Nexus First 

Get SALT Encoding   

  12  0:01  Probe (Chrono Boost)  
  13  0:11  Probe (Chrono Boost)  
  14  0:20  Pylon  
  14  0:22  Probe (Chrono Boost)  
  15  0:39  Probe (Chrono Boost)  
  16  0:49  Probe (Chrono Boost)  
  17  0:58  Nexus  
  17  1:08  Gateway  
  17  1:12  Probe (Chrono Boost)  
  17  1:17  Assimilator  
  18  1:22  Probe (Chrono Boost)  
  18  1:24  Assimilator  
  19  1:33  Probe (Chrono Boost)  
  20  1:40  Gateway  
  20  1:44  Pylon  
  22  2:01  Cybernetics Core  
  22  2:15  Pylon  
  23  2:28  Zealot (Chrono Boost)  
  22  2:31  Pylon  
  17  2:55  Zealot (Chrono Boost)  
  13  3:12  Probe  
  14  3:19  Probe  
  14  3:25  Probe (Chrono Boost)  
  15  3:31  Probe (Chrono Boost)  
  16  3:37  Probe (Chrono Boost)  
  19  3:41  Sentry x2  
  19  3:44  Probe (Chrono Boost)  
  19  3:47  Probe (Chrono Boost)  
  23  3:55  Probe (Chrono Boost)  
  24  3:58  Probe (Chrono Boost)  
  25  4:05  Probe (Chrono Boost)  
  25  4:09  Probe (Chrono Boost)  
  27  4:10  Pylon  
  27  4:16  Probe (Chrono Boost)  
  28  4:19  Probe (Chrono Boost)  
  29  4:26  Probe (Chrono Boost)  
  29  4:28  Warp Gate (Chrono Boost)  
  29  4:30  Probe (Chrono Boost)  
  31  4:35  Gateway  
  31  4:37  Probe (Chrono Boost)  
  32  4:40  Probe (Chrono Boost)  
  33  4:47  Probe (Chrono Boost)  
  33  4:50  Assimilator  
  36  4:52  Mothership Core (Chrono Boost)  
  36  4:56  Pylon  
  36  4:58  Probe (Chrono Boost)  
  37  5:09  Probe (Chrono Boost)  
  37  5:10  Assimilator  
  37  5:11  Probe (Chrono Boost)  
  39  5:19  Probe (Chrono Boost)  
  39  5:21  Probe (Chrono Boost), Twilight Council  
  41  5:28  Robotics Facility  
  41  5:29  Pylon  
  41  5:30  Probe (Chrono Boost)  
  41  5:31  Probe (Chrono Boost)  
  43  5:40  Probe x2  
  45  5:52  Probe  
  45  5:54  Probe  
  40  6:05  Probe  
  40  6:07  Probe  
  40  6:08  Gateway  
  40  6:09  Gateway  
Show
View Real Time Build Order
Export as new Build Order

Cham Zerg - Winner!

Build Orders: Pool First, Roach Nydus 

Get SALT Encoding   

  12  0:16  Spawning Pool  
  11  0:22  Drone  
  11  0:26  Drone  
  13  0:33  Drone  
  14  0:41  Overlord  
  14  1:03  Zergling x4  
  14  1:04  Queen  
  16  1:05  Zergling x2  
  19  1:15  Zergling x2  
  20  1:26  Zergling x2  
  21  1:33  Hatchery  
  20  1:40  Overlord  
  20  1:52  Queen  
  22  2:03  Drone x2  
  24  2:11  Drone  
  24  2:15  Drone x2  
  27  2:22  Overlord  
  27  2:31  Drone  
  27  2:36  Drone  
  29  2:48  Drone  
  29  2:51  Drone x3  
  32  2:54  Drone  
  30  2:59  Drone  
  30  3:04  Drone  
  31  3:09  Extractor  
  31  3:12  Overlord, Extractor  
  29  3:16  Extractor  
  29  3:17  Drone  
  31  3:21  Drone  
  32  3:28  Drone x2  
  34  3:35  Queen  
  34  3:37  Drone x3  
  34  3:40  Drone  
  38  3:50  Lair  
  38  3:52  Drone x2  
  40  4:01  Hatchery  
  39  4:05  Drone x3  
  39  4:07  Drone  
  44  4:10  Drone  
  44  4:11  Drone  
  45  4:18  Roach Warren  
  45  4:21  Overlord  
  44  4:33  Overlord  
  44  4:48  Nydus Network  
  44  4:50  Overlord  
  43  4:53  Queen x2  
  43  4:58  Glial Reconstitution, Roach x5  
  57  5:02  Roach  
  57  5:06  Roach  
  61  5:08  Overlord  
  61  5:10  Roach  
  63  5:16  Roach x2  
  63  5:18  Roach  
  63  5:19  Overseer  
  71  5:21  Roach  
  71  5:25  Roach  
  71  5:27  Roach  
  75  5:32  Nydus Canal  
  75  5:35  Roach x2  
  79  5:40  Roach x2  
  83  5:43  Roach  
  85  5:57  Nydus Canal  
  85  5:59  Roach  
  85  6:02  Roach  
Tags
 
Add a new tag
Caveats
  • Supply blocks, unpowered buildings, or Contaminate may cause inaccurate times.
  • Supply counts are checked every 10 seconds.